 Dungeon Crawl Stone Soup version 0.14-a0-155-gd989017 (webtiles) character file.

1643590 Zifmia the Dwarven Blade (level 25, 103/256 HPs)
             Began as a Deep Dwarf Berserker on Oct 5, 2013.
             Was a Believer of Trog.
             Escaped with the Orb
             ... and 3 runes on Oct 6, 2013!
             The game lasted 07:45:36 (68573 turns).

Zifmia the Dwarven Blade (Deep Dwarf Berserker)    Turns: 68573, Time: 07:45:36

HP 103/256       AC 34     Str 27      XL: 25   Next: 31%
MP   0/0         EV 13     Int  8 (9)  God: Trog [**....]
Gold 3343        SH  0     Dex 20      Spells:  0 memorised, 24 levels left

Res.Fire  : + + .   See Invis. : .   h - +4,+2 triple sword (slice)
Res.Cold  : + . .   Warding    : .   j - +0 gold dragon armour
Life Prot.: + . .   Conserve   : +   (no shield)
Res.Poison: +       Res.Corr.  : +   q - +0 helmet
Res.Elec. : .       Clarity    : .   L - +0 cloak {rCorr, Cons}
Sust.Abil.: . .     Spirit.Shd : .   r - +2 pair of gloves {Dex+3}
Res.Mut.  : +       Stasis     : .   s - +1 pair of dwarf boots
Res.Rott. : .       Flight     : .   z - amulet of resist mutation
Saprovore : . . .                    p - ring "Axualyva" {Regen rF+ Dex+2}
                                     x - cursed ring of magical power

@: non-regenerating, extraordinarily resistant to hostile enchantments,
extremely unstealthy
A: damage resistance, recharge devices, magic resistance 1, life protection 1,
sense surroundings 3, slow healing 3, slow metabolism 1, Int -2
a: Device Recharging, Burn Spellbooks, Berserk, Trog's Hand, Renounce Religion
}: 3/15 runes: barnacled, silver, gossamer


You escaped.
You worshipped Trog.
Trog was pleased with you.
You were full.

You visited 11 branches of the dungeon, and saw 65 of its levels.
You also visited: Volcano.

You collected 6637 gold pieces.
You spent 3314 gold pieces at shops.


Innate Abilities, Weirdness & Mutations

You are resistant to damage.
You can recharge devices by infusing magical energy.
You resist negative energy.
You passively map a large area around you.
You do not heal naturally.
You are dopey. (Int -2)
You are resistant to hostile enchantments.
You have a slow metabolism.


   Skills:
 - Level 20.5 Fighting
 - Level 24.0 Long Blades
 + Level 21.2 Armour
 + Level 16.6 Dodging
   Level 15.3 Shields
 - Level 16.5 Evocations


You had 24 spell levels left.
You didn't know any spells.

Dungeon Overview and Level Annotations

Branches:
Dungeon (27/27)            Temple (0/1) D:4             Orc (4/4) D:11
    Elf (3/3) Orc:4          Lair (8/8) D:12         Shoals (5/5) Lair:3
 Spider (5/5) Lair:4        Slime (1/6) Lair:7       Vaults (5/5) D:19
  Blade (1/1) Vaults:3        Zot (5/5) D:27         Forest (1/5) Vaults:2

Altars:
Ashenzari
Cheibriados
Elyvilon
Fedhas
Kikubaaqudgha
Sif Muna
Trog
Vehumet
Yredelemnul

Shops:
D:14 %   D:18 !   D:20 /   D:22 [   D:27 /   Orc:4 ![+   Elf:1 %!   Elf:3 (
Shoals:3 %   Vaults:2 =   Vaults:4 *

Portals:
Hell: D:21 D:22 D:23 D:24 D:25 D:26
Abyss: D:24 D:25
Pandemonium: D:24
Trove: D:15 (show slimy rune of Zot)

Annotations:
D:26 exclusion: orange crystal statue, Mennas Blade Boris
Zot:2 exclusion: upstairs

Inventory:

Hand weapons
 a - a +3,+8 demon blade of protection
   (Trog gifted it to you on level 3 of the Orcish Mines)
 h - a +4,+2 triple sword of slicing (weapon)
   (Trog gifted it to you on level 8 of the Lair of Beasts)
 l - a +0 blowgun
 I - a +0,+4 anti-magic demon blade
   (Trog gifted it to you on level 25 of the Dungeon)
Missiles
 w - 28 curare-tipped needles
Armour
 j - a +0 gold dragon armour (worn)
 q - a +0 helmet (worn)
 r - a +2 pair of gloves of dexterity (worn)
   (You found it on level 3 of the Elven Halls)
 s - a +1 pair of dwarven boots (worn)
 y - a +3 plate armour of cold resistance
   (You took it off Maud on level 16 of the Dungeon)
 L - a +0 cloak of preservation (worn)
   (You took it off a mottled draconian on level 2 of the Realm of Zot)
Magical devices
 c - a wand of heal wounds (0)
 e - a wand of teleportation (0)
 i - a wand of digging (0)
 u - a wand of polymorph (7)
 G - a wand of polymorph (10)
 H - a wand of polymorph (6)
 J - a wand of invisibility (0)
 N - a wand of draining (0)
Comestibles
 d - 2 bread rations
 A - a pear
 C - 6 honeycombs
 D - 10 meat rations
Jewellery
 b - the ring of Shaolin {EV+8}
   (You bought it in a shop on level 2 of the Vaults)

   [ring of evasion]

   It affects your evasion (+8).
 n - an uncursed amulet of resist corrosion
 p - the ring "Axualyva" (right hand) {Regen rF+ Dex+2}
   (You took it off a deep elf mage on level 3 of the Elven Halls)

   [ring of regeneration]

   It affects your dexterity (+2).
   It protects you from fire.
 t - an uncursed ring of poison resistance
 v - the amulet of the Duchess {Cons Hunger}
   (You took it off a deep elf sorcerer on level 3 of the Elven Halls)

   [amulet of conservation]

   It speeds your metabolism.
 x - a cursed ring of magical power (left hand)
 z - an amulet of resist mutation (around neck)
 E - an uncursed ring of positive energy {unknown}
 R - an uncursed ring of flight
 S - an uncursed ring of see invisible
 W - an uncursed ring of protection from magic
 X - an uncursed ring of teleport control {unknown}
 Z - an uncursed amulet of clarity
Potions
 f - a potion of curing
 g - a potion of flight
 B - a potion of might
 P - 3 potions of agility
Orbs of Power
 m - the Orb of Zot
Miscellaneous
 o - a stone of tremors
 K - a lamp of fire
 M - a fan of gales
 Q - a phial of floods
Rods
 k - a +4 rod of frigid destruction (9/9) {!a}
   (You took it off a siren on level 5 of the Shoals)

#.# ##'## #.# #.## #.#
#.# #..# ####.## #.# ##.#
#.....#########.# #.#
#.....#..2......# #.#
########..(###2.#
#.###############.# #..##
#......##..X.####.###...#
#########.@#...##.......#
#####'#######...#
#####...#7}..2..###
#~~~#...#7[##########
#~}~#...#72# #......
#~.~##'##..####......
#..........##.....###
#########..##.....### #
####.##...##......##


You could see an Orb Guardian.


Message History

Evoke which item? (* to show all) (? for menu, Esc to quit)
Zapping:
i - a wand of digging (2)
The rock shatters into small pieces.
This wand has 1 charge left.
There is a stone staircase leading up here.
You climb upwards.
You sense a powerful magical force warping space.
There is a stone staircase leading down here.
There is an open door here.
You see here a dart.
You see here a dart.
There is an open door here.
There is a stone staircase leading down here.
There is a stone staircase leading up here.
You climb upwards.
You sense a powerful magical force warping space.
There is a stone staircase leading down here.
A rotting devil comes into view.
The rotting devil hits you but does no damage.
You see here a quarterstaff.
A worker ant comes into view.
An Orb Guardian comes into view.
The Orb Guardian is engulfed in dark miasma.
The Orb Guardian is poisoned.
The Orb Guardian seems to slow down.
The Orb Guardian is engulfed in dark miasma.
The Orb Guardian looks even sicker.
The Orb Guardian is engulfed in dark miasma.
The Orb Guardian looks even sicker.
The Orb Guardian is no longer moving slowly.
Things that are here:
an orcish scale mail; an orcish hand axe {=f}
There is a stone staircase leading up here.
You climb upwards.
You sense a powerful magical force warping space.
There is a stone staircase leading down here.
You see here an orcish short sword.
There is a stone staircase leading up here.
You climb upwards.
You sense a powerful magical force warping space.
There is a stone staircase leading down here.
There is a stone staircase leading up here.
You climb upwards.
You sense a powerful magical force warping space.
There is a stone staircase leading down here.
Unknown command.
A hell beast comes into view.
The hell beast gurgles horribly!
Evoke which item? (* to show all) (? for menu, Esc to quit)
Zapping:
i - a wand of digging (1)
The rock shatters into small pieces.
This wand has 0 charges left.
You see here a +0 animal skin.
An Orb Guardian comes into view.
The Orb Guardian hits you!
Damage: -4%(-10hp) hp: 55%(140hp)
The Orb Guardian hits you but does no damage.
There is an open door here.
The Orb Guardian hits you!
* * * LOW HITPOINT WARNING * * *
Damage: -5%(-14hp) hp: 50%(126hp)
The Orb Guardian barely misses you.
There is an open door here.
The Orb Guardian hits you!
* * * LOW HITPOINT WARNING * * *
There is an open door here.
Damage: -1%(-3hp) hp: 49%(123hp)
There is a staircase leading out of the dungeon here.
The Orb Guardian hits you!
* * * LOW HITPOINT WARNING * * *
The Orb Guardian hits you!
* * * LOW HITPOINT WARNING * * *
You have escaped!

Action                   |  1- 3 |  4- 6 |  7- 9 | 10-12 | 13-15 | 16-18 | 19-21 | 22-24 | 25-27 || total
-------------------------+-------+-------+-------+-------+-------+-------+-------+-------+-------++-------
Melee: Falchion          |    81 |   256 |   270 |       |       |       |       |       |       ||   607
       Scimitar          |       |       |   201 |   787 |   799 |       |       |       |       ||  1787
       Long sword        |       |       |    14 |       |       |       |       |       |       ||    14
       Great sword       |       |       |       |   264 |       |       |       |       |       ||   264
       Triple sword      |       |       |       |       |    46 |       |       |  1200 |   150 ||  1396
       Demon blade       |       |       |       |       |   834 |  2269 |  3162 |   969 |       ||  7234
 Fire: Blowgun           |       |       |       |       |       |       |     9 |     3 |       ||    12
Throw: Tomahawk          |       |       |       |     3 |       |       |       |       |       ||     3
Invok: Berserk           |     1 |     2 |     2 |    18 |    21 |    29 |    29 |    53 |     7 ||   162
       Brothers in Arms  |       |     1 |     1 |     8 |    15 |    13 |    13 |     4 |       ||    55
       Burn Spellbooks   |       |       |     2 |     1 |     4 |    12 |     7 |     1 |       ||    27
       Trog's Hand       |       |       |     2 |    17 |    39 |    46 |    67 |    76 |    21 ||   268
 Abil: Device Recharging |       |       |     1 |     3 |     5 |    13 |     5 |    20 |     1 ||    48
       Evoke Flight      |       |       |       |       |       |       |     2 |       |       ||     2
Evoke: Wand              |       |     1 |    22 |    23 |    41 |    64 |    33 |    90 |     8 ||   282
       Miscellaneous     |       |       |       |       |     2 |     1 |     2 |       |       ||     5
  Use: Scroll            |    10 |     8 |     8 |    20 |    11 |    19 |    20 |    19 |       ||   115
       Potion            |       |       |       |     5 |    17 |    19 |    16 |    12 |     4 ||    73
 Stab: Fleeing           |       |       |       |     1 |     1 |       |     1 |     1 |       ||     4
       Distracted        |       |       |       |     1 |     1 |     1 |     4 |       |       ||     7
       Invisible         |       |       |       |       |       |     4 |       |    19 |    10 ||    33

Vault maps used:
D:1:      sevenhm_entry_forest_fort_small_3, st_stairs_1
D:2:      uniq_terence
D:3:      minitemple, lemuel_coloured_pillars_altar
D:4:      temple_fountains, Guppyfry_Hobgoblin_minivault
D:5:      first_bread, basic_altar, uniq_prince_ribbit1
D:6:      grunt_ministairs_9
D:8:      uniq_grum
D:9:      serial_bayou_shore_b
D:10:     uniq_harold, uniq_urug, uniq_psyche
D:11:     erik_orc_2, grunt_decor_fettered, elyvilon_altar_1
D:12:     grunt_lair_entry_elf_guard_hut, grunt_ogre_cave
D:14:     lab_entry_generic, minmay_holes, serial_shops, shop,
          hangedman_abyss_or_decor_clamps, uniq_rupert
D:15:     enter_trove_5, lemuel_mausoleum_altar_yredelemnul, uniq_azrael
D:16:     grunt_crosshair, uniq_nikola, uniq_aizul, uniq_nessos, uniq_louise,
          uniq_maud
D:17:     basic_altar, minivault_27, nicolae_wwwww, uniq_roxanne
D:18:     lemuel_ice_spiral_2, hangedman_abyss_or_decor_slice, serial_shops,
          shop, special_room
D:19:     erik_vaults_2, basic_altar, abandoned_shop, tgw_fedhas
D:20:     basic_altar, serial_shops, shop, uniq_frederick, uniq_jory,
          uniq_jorgrun
D:21:     hell_entry
D:22:     minmay_haunted_quarter, hell_entry, serial_shops, shop,
          minmay_misc_feat_nine_boxes, uniq_mara, uniq_sojobo
D:23:     hell_entry, lemuel_crystal_altar, minmay_misc_feat_columns,
          minmay_misc_feat_secret_circle
D:24:     pan_entry, hell_entry, minivault_23, basic_altar, abyss_entry,
          minmay_stone_trees_small, evilmike_ambush
D:25:     hangedman_stitches_corridor, serial_sigils_hangedman_clutch,
          hell_entry, serial_shops, shop, abyss_entry, mu_enter_wizlab_7
D:26:     thingy_vault_2, hell_entry, uniq_mennas
D:27:     grunt_zot_entry_gee_three, grunt_decor_mini_mirrors, serial_shops,
          shop, hell_entry
Orc:1:    uniq_erolcha, uniq_blork_the_orc
Orc:2:    baited_tele_trap, lemuel_ogre_cave
Orc:3:    trog_hazing_becter, uniq_maurice
Orc:4:    st_orc_ogre_mass, roderic_batcave, uniq_joseph
Elf:1:    serial_shops, shop, shop, uniq_donald
Elf:2:    tgw_sif
Elf:3:    minmay_elf_hall_circle, serial_shops, shop,
          einodemon_crawler_minivault, uniq_agnes
Lair:3:   minmay_shoals_entry_centaurs, lemuel_fruit_tree
Lair:4:   spider_nest_entry_webs
Lair:6:   st_stairs_5
Lair:7:   slime_altar_2, enter_volcano_3
Lair:8:   wormcave, hangedman_lair_in_review
Shoals:1: nicolae_shoals_stone_sculpture_thing, nicolae_shoals_seven_spires
Shoals:3: serial_shops, shop_fountains, st_shoals_ruin
Shoals:4: nicolae_shoals_undead_eyrie, uniq_wiglaf
Shoals:5: shoals_end_simple, shoal_ilsuiw
Spider:1: uniq_sonja
Spider:3: uniq_arachne, uniq_norris
Spider:4: special_room
Spider:5: grunt_spider_rune_circles, worms_lemuel
Vaults:1: hangedman_vaults_slice, nicolae_vaults_ring_of_whatevers,
          v_alt_pattern_2, v_misc_5, nicolae_vaults_little_squares_1,
          hangedman_vaults_stretched_pinwheel, ontoclasm_vaults_shout,
          vaults_room_grunt_arrival_ludios, hangedman_vaults_stretched_pinwheel,
          uniq_saint_roka
Vaults:2: nicolae_vaults_little_squares_1, grunt_forest_entry_basic, v_misc_14,
          st_check, v_pattern_4, hangedman_vaults_nails, vaults_room_grid,
          vaults_room_mumra_shop_pool, hangedman_vaults_trim
Vaults:3: vaults_room_fours, v_pattern_3, v_rooms_1, vaults_mumra_hexcomb,
          nicolae_vaults_blade_crossed_weapons, hangedman_vaults_cutoff,
          nicolae_vaults_what_the_h, kb_rosetta, vaults_room_grid,
          nicolae_vaults_little_squares_3, vaults_mumra_chevron_long,
          nicolae_vaults_asterisk
Vaults:4: hangedman_vaults_variations, nicolae_vaults_alarming, st_hourglassy,
          ontoclasm_vaults_twist, grunt_vaults_diagonal,
          nicolae_vaults_border_crossing, vaults_mumra_minichess,
          ontoclasm_vaults_ring_small, v_misc_2, ontoclasm_vaults_pinch,
          serial_shops, shop
Vaults:5: serial_shops
Blade:    uniq_boris
Zot:2:    lemuel_zot_downstairs
Zot:3:    lightli_zot_lavacorridor
Volcano:  volcano_caves

Notes
Turn   | Place    | Note
--------------------------------------------------------------
     0 | D:1      | Zifmia, the Deep Dwarf Berserker, began the quest for the Orb.
     0 | D:1      | Reached XP level 1. HP: 21/21 MP: 0/0
   279 | D:1      | Reached XP level 2. HP: 28/28 MP: 1/1
   482 | D:1      | Acquired Trog's second power
   811 | D:2      | Reached skill level 4 in Long Blades
   828 | D:2      | Reached XP level 3. HP: 30/34 MP: 2/2
   943 | D:2      | Noticed Terence
   961 | D:2      | Killed Terence
   961 | D:2      | Reached skill level 5 in Long Blades
   961 | D:2      | Reached XP level 4. HP: 43/43 MP: 3/3
   970 | D:2      | Huge Dmg: 17 Dmg
  1973 | D:3      | Found a blossoming altar of Fedhas.
  1980 | D:3      | Found a shattered altar of Ashenzari.
  2135 | D:3      | Found a snail-covered altar of Cheibriados.
  2396 | D:4      | Reached XP level 5. HP: 31/49 MP: 4/4
  2551 | D:4      | Reached skill level 6 in Long Blades
  2570 | D:4      | Found a staircase to the Ecumenical Temple.
  2575 | D:4      | Huge Dmg: 22 Dmg
  2627 | D:4      | Reached XP level 6. HP: 49/56 MP: 5/5
  2629 | D:4      | Acquired Trog's third power
  3049 | D:5      | Entered Level 5 of the Dungeon
  3130 | D:5      | Noticed Prince Ribbit
  3135 | D:5      | Reached skill level 3 in Fighting
  3143 | D:5      | Reached skill level 7 in Long Blades
  3154 | D:5      | Killed Prince Ribbit
  3154 | D:5      | Reached skill level 3 in Armour
  3154 | D:5      | Reached XP level 7. HP: 54/64 MP: 6/6
  3164 | D:5      | Huge Dmg: 18 Dmg
  3358 | D:5      | Found an ancient bone altar of Kikubaaqudgha.
  3460 | D:5      | Reached skill level 4 in Fighting
  3460 | D:5      | Reached skill level 4 in Armour
  4016 | D:6      | Huge Dmg: 10 Dmg
  4019 | D:6      | Huge Dmg: 16 Dmg
  4020 | D:6      | HP: 16/64 [ogre/giant club (7)]
  4021 | D:6      | Huge Dmg: 7 Dmg
  4028 | D:6      | Reached skill level 8 in Long Blades
  4028 | D:6      | Reached XP level 8. HP: 39/73 MP: 7/7
  4181 | D:6      | Reached skill level 5 in Armour
  4482 | D:6      | Huge Dmg: 15 Dmg
  4572 | D:7      | Huge Dmg: 9 Dmg
  4578 | D:7      | Reached skill level 5 in Fighting
  5047 | D:5      | Reached skill level 6 in Armour
  5330 | D:7      | Noticed a hill giant
  5335 | D:7      | Killed a hill giant
  5335 | D:7      | Reached skill level 9 in Long Blades
  5361 | D:7      | Gained mutation: You passively map the area around you. [level up]
  5361 | D:7      | Reached XP level 9. HP: 52/81 MP: 8/8
  5393 | D:7      | Reached skill level 6 in Fighting
  5693 | D:8      | Reached skill level 7 in Armour
  6009 | D:8      | Noticed Grum
  6017 | D:8      | Huge Dmg: 10 Dmg
  6020 | D:8      | HP: 18/82 [wolf[Grum] (6)]
  6021 | D:8      | Huge Dmg: 21 Dmg
  6027 | D:8      | Killed Grum
  6034 | D:8      | Received a gift from Trog
  6041 | D:8      | Huge Dmg: 26 Dmg
  6184 | D:8      | Reached skill level 8 in Armour
  6258 | D:8      | Reached skill level 7 in Fighting
  6285 | D:8      | Reached skill level 10 in Long Blades
  6306 | D:8      | Huge Dmg: 24 Dmg
  6904 | D:9      | Reached XP level 10. HP: 61/92 MP: 8/8
  6955 | D:9      | Huge Dmg: 23 Dmg
  7253 | D:10     | Entered Level 10 of the Dungeon
  7268 | D:10     | Noticed Psyche
  7284 | D:10     | Killed Psyche
  7284 | D:10     | Reached skill level 9 in Armour
  7287 | D:10     | Huge Dmg: 14 Dmg
  7295 | D:10     | Huge Dmg: 21 Dmg
  7301 | D:10     | Huge Dmg: 13 Dmg
  7309 | D:10     | Huge Dmg: 9 Dmg
  7312 | D:10     | HP: 21/92 [giant goldfish (3)]
  7313 | D:10     | Huge Dmg: 7 Dmg
  7314 | D:10     | Huge Dmg: 5 Dmg
  7314 | D:10     | HP: 9/92 [electric eel/bolt of electricity (7)]
  7315 | D:10     | Huge Dmg: 7 Dmg
  7351 | D:10     | Huge Dmg: 7 Dmg
  7442 | D:10     | Noticed Harold
  7447 | D:10     | Killed Harold
  7447 | D:10     | Reached skill level 8 in Fighting
  7537 | D:10     | Reached skill level 11 in Long Blades
  7633 | D:10     | Noticed Urug
  7635 | D:10     | Huge Dmg: 30 Dmg
  7649 | D:10     | Killed Urug
  7654 | D:10     | Huge Dmg: 27 Dmg
  7770 | D:10     | Reached skill level 10 in Armour
  8049 | D:11     | Huge Dmg: 22 Dmg
  8114 | D:11     | Huge Dmg: 19 Dmg
  8185 | D:11     | Huge Dmg: 14 Dmg
  8189 | D:11     | Reached XP level 11. HP: 49/102 MP: 7/7
  8205 | D:11     | Huge Dmg: 16 Dmg
  8231 | D:11     | Received a gift from Trog
  8251 | D:11     | Found a staircase to the Orcish Mines.
  8260 | D:11     | HP: 34/153 [orc warrior/orcish halberd (14)]
  8261 | D:11     | Huge Dmg: 14 Dmg
  8266 | D:11     | Reached skill level 1 in Shields
  8273 | D:11     | Huge Dmg: 11 Dmg
  8367 | D:11     | Reached skill level 9 in Fighting
  8381 | D:11     | Huge Dmg: 37 Dmg
  8500 | D:11     | Reached skill level 2 in Shields
  8542 | D:11     | Found a white marble altar of Elyvilon.
  8712 | D:11     | Reached skill level 3 in Shields
  8723 | D:11     | Huge Dmg: 20 Dmg
  9086 | D:12     | Reached skill level 4 in Shields
  9087 | D:12     | Huge Dmg: 35 Dmg
  9198 | D:12     | Reached skill level 12 in Long Blades
  9209 | D:12     | Huge Dmg: 39 Dmg
  9279 | D:12     | Noticed a skeletal warrior
  9280 | D:12     | Noticed a skeletal warrior
  9299 | D:12     | Killed a skeletal warrior
  9299 | D:12     | Reached skill level 5 in Shields
  9301 | D:12     | Killed a skeletal warrior
  9334 | D:12     | Noticed a skeletal warrior
  9370 | D:12     | Killed a skeletal warrior
  9370 | D:12     | Reached skill level 10 in Fighting
  9543 | D:12     | Found a staircase to the Lair.
  9554 | D:12     | Huge Dmg: 31 Dmg
  9576 | Lair:1   | Entered Level 1 of the Lair of Beasts
  9649 | Lair:1   | Reached skill level 6 in Shields
  9687 | Lair:1   | Reached skill level 1 in Evocations
  9971 | Lair:1   | Reached skill level 2 in Evocations
 10240 | Lair:2   | Reached XP level 12. HP: 112/112 MP: 10/12
 10242 | Lair:2   | Reached skill level 3 in Evocations
 10263 | Lair:2   | Huge Dmg: 39 Dmg
 10437 | Lair:2   | Received a gift from Trog
 11143 | Lair:3   | Got a flickering platinum ring
 11216 | Lair:3   | Reached skill level 4 in Evocations
 11293 | Lair:3   | Huge Dmg: 45 Dmg
 11315 | Lair:3   | Found a staircase to the Shoals.
 11828 | Lair:4   | Reached skill level 5 in Evocations
 12173 | Lair:4   | Reached skill level 6 in Evocations
 12195 | Lair:4   | Found a hole to the Spider Nest.
 12228 | Lair:4   | Reached skill level 13 in Long Blades
 12369 | Lair:4   | Gained mutation: You have a slow metabolism. [potion of beneficial mutation]
 12599 | Lair:4   | Identified the ring of the Mutiny {-Tele MR} (You found it on level 3 of the Lair of Beasts)
 12912 | Lair:5   | Reached skill level 7 in Evocations
 12920 | Lair:5   | Huge Dmg: 34 Dmg
 12928 | Lair:5   | Reached skill level 11 in Fighting
 12995 | Lair:5   | Received a gift from Trog
 13083 | Lair:5   | Reached skill level 8 in Evocations
 13154 | Lair:5   | Noticed an eight-headed hydra
 13158 | Lair:5   | Killed a ten-headed hydra
 13367 | Lair:5   | Reached skill level 11 in Armour
 13758 | Lair:6   | Huge Dmg: 38 Dmg
 13930 | Lair:6   | Huge Dmg: 37 Dmg
 13964 | Lair:6   | Huge Dmg: 17 Dmg
 14402 | Lair:6   | Noticed a five-headed hydra
 14408 | Lair:6   | Killed a six-headed hydra
 14607 | Lair:7   | Reached XP level 13. HP: 122/122 MP: 20/20
 14617 | Lair:7   | Huge Dmg: 39 Dmg
 14636 | Lair:7   | Reached skill level 9 in Evocations
 14770 | Lair:7   | Found a staircase to the Slime Pits.
 14770 | Lair:7   | Noticed an acid blob
 14770 | Lair:7   | Noticed an acid blob
 14772 | Lair:7   | Noticed an acid blob
 14775 | Lair:7   | Killed an acid blob
 14784 | Lair:7   | Killed an acid blob
 14785 | Lair:7   | Killed an acid blob
 14794 | Lair:7   | Huge Dmg: 37 Dmg
 15191 | Lair:7   | Found a dark tunnel.
 15208 | Volcano  | Entered a volcano
 15225 | Volcano  | Reached skill level 10 in Evocations
 15268 | Volcano  | Noticed Erolcha
 15274 | Volcano  | Killed Erolcha
 15439 | Lair:8   | Entered Level 8 of the Lair of Beasts
 15553 | Lair:8   | Huge Dmg: 46 Dmg
 15731 | Lair:8   | Reached skill level 14 in Long Blades
 15734 | Lair:8   | Reached skill level 12 in Armour
 15744 | Lair:8   | Reached skill level 12 in Fighting
 15750 | Lair:8   | Huge Dmg: 35 Dmg
 15927 | Lair:8   | Reached skill level 11 in Evocations
 15955 | Lair:8   | Huge Dmg: 40 Dmg
 16047 | Lair:8   | Received a gift from Trog
 16058 | Lair:8   | Huge Dmg: 25 Dmg
 16248 | Lair:8   | Huge Dmg: 19 Dmg
 16248 | Lair:8   | HP: 29/123 [poisoned by a spiny worm]
 16249 | Lair:8   | Huge Dmg: 9 Dmg
 16276 | Lair:8   | Huge Dmg: 13 Dmg
 16276 | Lair:8   | HP: 23/123 [spiny worm (18)]
 16277 | Lair:8   | Huge Dmg: 18 Dmg
 16319 | Lair:8   | Huge Dmg: 16 Dmg
 16363 | Lair:8   | Huge Dmg: 38 Dmg
 16410 | Lair:8   | Reached skill level 3 in Dodging
 16410 | Lair:8   | Gained mutation: You resist negative energy. [level up]
 16410 | Lair:8   | Reached XP level 14. HP: 98/133 MP: 21/21
 16508 | Lair:8   | Huge Dmg: 33 Dmg
 16581 | Lair:8   | Huge Dmg: 51 Dmg
 16601 | Lair:8   | Huge Dmg: 36 Dmg
 17411 | D:12     | Huge Dmg: 43 Dmg
 17568 | D:13     | Huge Dmg: 54 Dmg
 17663 | D:13     | Reached skill level 4 in Dodging
 17670 | D:13     | Huge Dmg: 46 Dmg
 17687 | D:13     | Huge Dmg: 29 Dmg
 17689 | D:13     | HP: 33/133 [centaur warrior/arrow of frost (11)]
 17690 | D:13     | Huge Dmg: 39 Dmg
 18029 | D:13     | Huge Dmg: 53 Dmg
 18225 | D:13     | Paralysed by a giant eyeball for 3 turns
 18232 | D:13     | Paralysed by a giant eyeball for 3 turns
 18502 | D:14     | Entered Level 14 of the Dungeon
 18665 | Orc:1    | Entered Level 1 of the Orcish Mines
 18923 | Orc:1    | Received a gift from Trog
 18959 | Orc:1    | Noticed Blork the orc
 18969 | Orc:1    | Killed Blork the orc
 19472 | Orc:2    | Reached skill level 5 in Dodging
 19698 | Orc:2    | Huge Dmg: 16 Dmg
 19699 | Orc:2    | HP: 33/134 [ogre/giant spiked club (8)]
 19700 | Orc:2    | Received a gift from Trog
 20042 | Orc:2    | Reached skill level 13 in Armour
 20240 | Orc:3    | Noticed Maurice
 20250 | Orc:3    | Killed Maurice
 20331 | Orc:3    | Received a gift from Trog
 20430 | Orc:4    | Entered Level 4 of the Orcish Mines
 20564 | Orc:3    | Found a bloodstained altar of Trog.
 20803 | Orc:4    | Found a staircase to the Elven Halls.
 20870 | Orc:4    | Received a gift from Trog
 21213 | Orc:4    | Noticed Joseph
 21223 | Orc:4    | Killed Joseph
 21334 | Orc:4    | Received a gift from Trog
 21342 | Orc:4    | Reached skill level 6 in Dodging
 21360 | Orc:4    | Reached skill level 15 in Long Blades
 21390 | Orc:4    | Reached skill level 7 in Shields
 21396 | Orc:4    | Reached skill level 7 in Dodging
 21404 | Orc:4    | Huge Dmg: 56 Dmg
 21446 | Orc:4    | Found Kuang's Distillery.
 21446 | Orc:4    | Found Nobbimyw's Antique Armour Boutique.
 21446 | Orc:4    | Found Saopulit's Armour Boutique.
 21446 | Orc:4    | Found Shey's Book Emporium.
 21465 | Orc:4    | Saopulit's Armour Boutique was a mimic.
 21472 | Orc:4    | Bought a potion of agility for 32 gold pieces
 21474 | Orc:4    | Bought a runed orcish cloak for 21 gold pieces
 21796 | D:13     | Huge Dmg: 23 Dmg
 21939 | D:14     | Found Raelom's Food Shop.
 22011 | D:14     | Noticed Rupert
 22013 | D:14     | Paralysed by Rupert for 4 turns
 22024 | D:14     | Killed Rupert
 22032 | D:14     | Huge Dmg: 39 Dmg
 22108 | D:14     | Reached XP level 15. HP: 101/141 MP: 21/21
 22232 | D:14     | Huge Dmg: 18 Dmg
 22240 | D:14     | Huge Dmg: 30 Dmg
 22264 | D:14     | Reached skill level 8 in Dodging
 22270 | D:14     | Huge Dmg: 26 Dmg
 22296 | D:14     | Received a gift from Trog
 22515 | D:15     | Entered Level 15 of the Dungeon
 22543 | D:15     | Reached skill level 8 in Shields
 22569 | D:15     | Huge Dmg: 41 Dmg
 22778 | D:15     | Huge Dmg: 43 Dmg
 22838 | D:15     | Huge Dmg: 24 Dmg
 22893 | D:15     | Found a portal to a secret trove of treasure.
 22980 | D:15     | Noticed Azrael
 22987 | D:15     | Huge Dmg: 26 Dmg
 23004 | D:15     | Killed Azrael
 23017 | D:15     | Huge Dmg: 29 Dmg
 23331 | D:15     | Found a basalt altar of Yredelemnul.
 23432 | D:15     | Reached skill level 9 in Dodging
 23459 | D:16     | Noticed Maud
 23473 | D:16     | Killed Maud
 23477 | D:16     | Huge Dmg: 44 Dmg
 23562 | D:16     | Reached skill level 9 in Shields
 23581 | D:16     | Noticed a tentacled monstrosity
 23628 | D:16     | Killed a tentacled monstrosity
 23655 | D:16     | Huge Dmg: 43 Dmg
 23706 | D:16     | Reached skill level 16 in Long Blades
 23782 | D:16     | Reached skill level 10 in Dodging
 23892 | D:16     | Noticed Louise
 23895 | D:16     | Noticed a shadow dragon
 23907 | D:16     | Killed a shadow dragon
 23907 | D:16     | Reached skill level 10 in Shields
 23912 | D:16     | Huge Dmg: 50 Dmg
 23916 | D:16     | Killed Louise
 24013 | D:16     | Noticed Nikola
 24018 | D:16     | Huge Dmg: 27 Dmg
 24025 | D:16     | Huge Dmg: 52 Dmg
 24030 | D:16     | Killed Nikola
 24049 | D:16     | Noticed Aizul
 24064 | D:16     | Killed Aizul
 24331 | D:16     | Noticed Nessos
 24338 | D:16     | Huge Dmg: 33 Dmg
 24341 | D:16     | Killed Nessos
 24422 | D:17     | Received a gift from Trog
 24465 | D:17     | Noticed Roxanne
 24519 | D:17     | Huge Dmg: 44 Dmg
 24532 | D:17     | Reached XP level 16. HP: 88/151 MP: 20/20
 24606 | D:17     | Killed Roxanne
 24610 | D:17     | Huge Dmg: 59 Dmg
 24702 | D:17     | Found an ancient bone altar of Kikubaaqudgha.
 24706 | D:17     | Huge Dmg: 54 Dmg
 24814 | D:17     | Huge Dmg: 48 Dmg
 24833 | D:17     | Reached skill level 11 in Shields
 24855 | D:17     | Reached skill level 11 in Dodging
 25395 | D:17     | Received a gift from Trog
 25665 | D:18     | Huge Dmg: 46 Dmg
 26081 | D:18     | Reached skill level 17 in Long Blades
 26084 | D:18     | Huge Dmg: 44 Dmg
 26098 | D:18     | Huge Dmg: 21 Dmg
 26108 | D:18     | Huge Dmg: 24 Dmg
 26117 | D:18     | Huge Dmg: 16 Dmg
 26123 | D:18     | HP: 32/151 [jiangshi[a vampire mage] (6)]
 26181 | D:18     | Reached skill level 12 in Dodging
 26185 | D:18     | Reached skill level 12 in Shields
 26195 | D:18     | Huge Dmg: 65 Dmg
 26528 | D:18     | Huge Dmg: 29 Dmg
 26533 | D:18     | Huge Dmg: 41 Dmg
 26574 | D:18     | Huge Dmg: 21 Dmg
 26692 | D:18     | Identified the Collected Works on Unholy Secrets and Good Luck (You found it on level 18 of the Dungeon)
 26729 | D:18     | Huge Dmg: 15 Dmg
 26787 | D:18     | Found Imegec's Distillery.
 26796 | D:18     | Bought a potion of strong poison for 30 gold pieces
 26796 | D:18     | Bought a potion of heal wounds for 45 gold pieces
 26796 | D:18     | Bought a potion of restore abilities for 45 gold pieces
 27016 | D:18     | Huge Dmg: 59 Dmg
 27198 | D:19     | Found a bloodstained altar of Trog.
 27553 | D:19     | Huge Dmg: 18 Dmg
 27761 | D:19     | Reached XP level 17. HP: 70/159 MP: 18/18
 27814 | D:19     | Received a gift from Trog
 27866 | D:19     | Found a staircase to the Vaults.
 28030 | D:19     | Huge Dmg: 27 Dmg
 28092 | D:19     | Reached skill level 13 in Fighting
 28140 | D:19     | Found a blossoming altar of Fedhas.
 28302 | D:19     | Reached skill level 13 in Shields
 28441 | D:20     | Entered Level 20 of the Dungeon
 28453 | D:20     | Noticed Jory
 28460 | D:20     | Huge Dmg: 65 Dmg
 28462 | D:20     | HP: 18/159 [Jory/crystal spear (40)]
 28463 | D:20     | Huge Dmg: 40 Dmg
 28475 | D:20     | HP: 47/238 [Jory/great sword (17)]
 28476 | D:20     | Huge Dmg: 22 Dmg
 28478 | D:20     | Killed Jory
 28485 | D:20     | Huge Dmg: 15 Dmg
 28561 | D:20     | Reached skill level 13 in Dodging
 28636 | D:20     | Noticed Jorgrun
 28661 | D:20     | Killed Jorgrun
 28666 | D:20     | Huge Dmg: 37 Dmg
 28680 | D:20     | Huge Dmg: 19 Dmg
 28683 | D:20     | Huge Dmg: 11 Dmg
 28786 | D:20     | Noticed Frederick
 28929 | D:15     | Huge Dmg: 36 Dmg
 29241 | Elf:1    | Entered Level 1 of the Elven Halls
 29242 | Elf:1    | Found Golash's Food Boutique.
 29336 | Elf:1    | Huge Dmg: 49 Dmg
 29661 | Elf:1    | Noticed Donald
 29682 | Elf:1    | Killed Donald
 29697 | Elf:1    | Found Heizeoz's Distillery.
 29713 | Elf:1    | Bought a potion of curing for 34 gold pieces
 29713 | Elf:1    | Bought a potion of heal wounds for 51 gold pieces
 29713 | Elf:1    | Bought a potion of might for 42 gold pieces
 29713 | Elf:1    | Bought a potion of might for 42 gold pieces
 29800 | Elf:1    | Huge Dmg: 30 Dmg
 30695 | Elf:2    | Huge Dmg: 26 Dmg
 30799 | Elf:2    | Noticed Jessica
 30801 | Elf:2    | Killed Jessica
 30810 | Elf:2    | Found a deep blue altar of Sif Muna.
 30973 | Elf:3    | Entered Level 3 of the Elven Halls
 31101 | Elf:3    | Noticed Agnes
 31107 | Elf:3    | Huge Dmg: 61 Dmg
 31111 | Elf:3    | Huge Dmg: 27 Dmg
 31112 | Elf:3    | Noticed a Hell Sentinel
 31113 | Elf:3    | Noticed an Ice Fiend
 31127 | Elf:3    | Found Blafeitia's Antique Weapon Boutique.
 31335 | Elf:3    | Reached skill level 18 in Long Blades
 31347 | Elf:3    | Huge Dmg: 47 Dmg
 31403 | Elf:3    | Huge Dmg: 40 Dmg
 31413 | Elf:3    | Huge Dmg: 42 Dmg
 31509 | Elf:3    | Killed Agnes
 31509 | Elf:3    | Reached skill level 14 in Shields
 31521 | Elf:3    | Huge Dmg: 35 Dmg
 31597 | Elf:3    | Huge Dmg: 59 Dmg
 31602 | Elf:3    | Huge Dmg: 20 Dmg
 31603 | Elf:3    | Huge Dmg: 15 Dmg
 31604 | Elf:3    | HP: 39/162 [smoke demon/divine providence[a deep elf demonologist] (11)]
 31605 | Elf:3    | Huge Dmg: 10 Dmg
 31683 | Elf:3    | Reached skill level 14 in Armour
 31683 | Elf:3    | Gained mutation: You passively map a large area around you. [level up]
 31683 | Elf:3    | Reached XP level 18. HP: 114/170 MP: 12/12
 31692 | Elf:3    | Huge Dmg: 58 Dmg
 31701 | Elf:3    | Huge Dmg: 32 Dmg
 31790 | Elf:3    | Huge Dmg: 28 Dmg
 31797 | Elf:3    | Huge Dmg: 22 Dmg
 31801 | Elf:3    | Huge Dmg: 22 Dmg
 31844 | Elf:3    | Huge Dmg: 30 Dmg
 31845 | Elf:3    | HP: 29/171 [deep elf master archer/arrow (14)]
 31846 | Elf:3    | Huge Dmg: 14 Dmg
 31848 | Elf:3    | HP: 5/171 [deep elf master archer/arrow (24)]
 31849 | Elf:3    | Huge Dmg: 24 Dmg
 31863 | Elf:3    | HP: 12/171 [deep elf master archer/arrow (6)]
 31864 | Elf:3    | Huge Dmg: 5 Dmg
 31866 | Elf:3    | Huge Dmg: 5 Dmg
 31871 | Elf:3    | Got a faintly glowing amber ring
 31874 | Elf:3    | Huge Dmg: 4 Dmg
 31938 | Elf:3    | Got a flickering ivory amulet
 31939 | Elf:3    | Huge Dmg: 55 Dmg
 31976 | Elf:3    | Huge Dmg: 52 Dmg
 31986 | Elf:3    | Huge Dmg: 15 Dmg
 31988 | Elf:3    | HP: 41/171 [deep elf high priest/faintly glowing war axe (10)]
 31993 | Elf:3    | Huge Dmg: 13 Dmg
 32146 | Elf:3    | Huge Dmg: 59 Dmg
 32289 | Elf:3    | Identified the amulet of the Duchess {Cons Hunger} (You took it off a deep elf sorcerer on level 3 of the Elven Halls)
 32290 | Elf:3    | Identified the ring "Axualyva" {Regen rF+ Dex+2} (You took it off a deep elf mage on level 3 of the Elven Halls)
 32346 | Elf:3    | Got an ichor-stained chain mail
 32367 | Elf:3    | Identified the +4 chain mail of Imperfection {rN+ Dam+5} (You took it off a deep elf high priest on level 3 of the Elven Halls)
 33219 | Vaults:1 | Entered Level 1 of the Vaults
 33275 | Vaults:1 | Huge Dmg: 66 Dmg
 33284 | Vaults:1 | Reached skill level 14 in Fighting
 33424 | Vaults:1 | Huge Dmg: 56 Dmg
 33589 | Vaults:1 | Noticed Saint Roka
 33627 | Vaults:1 | Killed Saint Roka
 33640 | Vaults:1 | Huge Dmg: 26 Dmg
 33870 | Vaults:1 | Huge Dmg: 42 Dmg
 34084 | Vaults:1 | Reached skill level 15 in Shields
 34094 | Vaults:1 | Huge Dmg: 17 Dmg
 34098 | Vaults:1 | HP: 59/255 [yaktaur captain (7)]
 34108 | Vaults:1 | HP: 45/255 [stone giant (14)]
 34109 | Vaults:1 | Huge Dmg: 14 Dmg
 34120 | Vaults:1 | Huge Dmg: 15 Dmg
 34469 | Vaults:2 | Received a gift from Trog
 34469 | Vaults:2 | HP: 54/256 [stone giant (38)]
 34470 | Vaults:2 | Huge Dmg: 38 Dmg
 34474 | Vaults:2 | Huge Dmg: 18 Dmg
 34644 | Vaults:2 | Found a staircase to the Enchanted Forest.
 34653 | Forest:1 | Entered Level 1 of the Enchanted Forest
 34739 | Vaults:2 | Found Cuihud's Jewellery Boutique.
 34767 | Vaults:2 | Bought the ring of Shaolin {EV+8} for 1792 gold pieces
 34767 | Vaults:2 | Bought an uncursed amulet of resist mutation for 560 gold pieces
 35125 | Vaults:2 | Reached skill level 15 in Armour
 35540 | Vaults:2 | Received a gift from Trog
 35721 | Vaults:3 | Reached skill level 19 in Long Blades
 35747 | Vaults:3 | Reached XP level 19. HP: 180/180 MP: 10/10
 35755 | Vaults:3 | Huge Dmg: 63 Dmg
 35836 | Vaults:3 | Found a staircase to the Hall of Blades.
 35859 | Vaults:3 | Found a deep blue altar of Sif Muna.
 36456 | Vaults:3 | Huge Dmg: 19 Dmg
 36472 | Vaults:3 | HP: 35/181 [orc priest/divine providence[an orc knight] (11)]
 36473 | Vaults:3 | Huge Dmg: 11 Dmg
 36476 | Vaults:3 | Huge Dmg: 17 Dmg
 36508 | Vaults:3 | Huge Dmg: 9 Dmg
 36737 | Vaults:3 | Reached skill level 15 in Fighting
 37027 | Vaults:3 | Huge Dmg: 42 Dmg
 37035 | Vaults:3 | Huge Dmg: 34 Dmg
 37051 | Vaults:3 | Huge Dmg: 50 Dmg
 37138 | Vaults:3 | Huge Dmg: 55 Dmg
 37231 | Vaults:3 | Huge Dmg: 43 Dmg
 37240 | Vaults:3 | Received a gift from Trog
 37601 | Vaults:4 | Huge Dmg: 55 Dmg
 38063 | Vaults:4 | Reached skill level 16 in Armour
 38245 | Vaults:4 | Huge Dmg: 40 Dmg
 38270 | Vaults:4 | Huge Dmg: 26 Dmg
 38276 | Vaults:4 | HP: 44/182 [iron troll (4)]
 38277 | Vaults:4 | Huge Dmg: 15 Dmg
 38281 | Vaults:4 | Huge Dmg: 17 Dmg
 38285 | Vaults:4 | HP: 44/182 [iron troll (14)]
 38286 | Vaults:4 | Huge Dmg: 13 Dmg
 38376 | Vaults:4 | Received a gift from Trog
 38414 | Vaults:4 | Huge Dmg: 58 Dmg
 38559 | Vaults:4 | Found Tedeazu's Assorted Antiques.
 38570 | Vaults:4 | Bought a gold wand for 620 gold pieces
 38629 | Vaults:4 | Huge Dmg: 32 Dmg
 38699 | Vaults:4 | Huge Dmg: 17 Dmg
 38824 | Vaults:4 | Received a gift from Trog
 38905 | Vaults:4 | Got an ichor-stained buckler
 38914 | Vaults:4 | Identified the +4 buckler of Feasting {Dex-3 Int+2} (You found it on level 4 of the Vaults)
 39196 | Vaults:5 | Entered Level 5 of the Vaults
 39227 | Vaults:5 | Reached XP level 20. HP: 193/193 MP: 7/7
 39243 | Vaults:5 | Reached skill level 20 in Long Blades
 39245 | Vaults:5 | Huge Dmg: 66 Dmg
 39334 | Vaults:5 | Huge Dmg: 40 Dmg
 39380 | Vaults:5 | Huge Dmg: 22 Dmg
 39461 | Vaults:5 | Reached skill level 16 in Fighting
 39533 | Vaults:5 | Huge Dmg: 49 Dmg
 39671 | Vaults:5 | Reached skill level 17 in Armour
 39748 | Vaults:5 | Huge Dmg: 29 Dmg
 39805 | Vaults:5 | Huge Dmg: 35 Dmg
 39819 | Vaults:5 | Huge Dmg: 34 Dmg
 39820 | Vaults:5 | Got a silver rune of Zot
 40028 | Vaults:3 | Huge Dmg: 42 Dmg
 40125 | Blade    | Entered the Hall of Blades
 40178 | Blade    | Huge Dmg: 30 Dmg
 40263 | Blade    | Noticed Boris
 41013 | Slime:1  | Entered Level 1 of the Pits of Slime
 41017 | Slime:1  | Paralysed by a giant eyeball for 4 turns
 41236 | Shoals:1 | Entered Level 1 of the Shoals
 41276 | Shoals:1 | Huge Dmg: 48 Dmg
 43629 | Shoals:3 | Found Locukos' Food Shop.
 44043 | Shoals:4 | Huge Dmg: 58 Dmg
 44169 | Shoals:5 | Entered Level 5 of the Shoals
 44197 | Shoals:5 | Noticed Ilsuiw
 44225 | Shoals:5 | Killed Ilsuiw
 44241 | Shoals:5 | Huge Dmg: 60 Dmg
 44439 | Shoals:5 | Identified a +4 rod of frigid destruction (9/9) (You took it off a siren on level 5 of the Shoals)
 44620 | Shoals:5 | Huge Dmg: 88 Dmg
 44627 | Shoals:5 | Huge Dmg: 88 Dmg
 44628 | Shoals:5 | HP: 32/195 [merfolk aquamancer/shard of ice (30)]
 44629 | Shoals:5 | Huge Dmg: 43 Dmg
 44633 | Shoals:5 | HP: 14/195 [cyclops/ large rock (19)]
 44634 | Shoals:5 | Huge Dmg: 18 Dmg
 44781 | Shoals:5 | Huge Dmg: 30 Dmg
 44849 | Shoals:5 | Huge Dmg: 56 Dmg
 44921 | Shoals:5 | Gained mutation: You are resistant to hostile enchantments. [potion of beneficial mutation]
 45000 | Shoals:5 | Got a barnacled rune of Zot
 45256 | Spider:1 | Entered Level 1 of the Spider Nest
 45262 | Spider:1 | Reached skill level 18 in Armour
 45301 | Spider:1 | Reached XP level 21. HP: 133/205 MP: 7/7
 46025 | Spider:1 | Received a gift from Trog
 46171 | Spider:1 | Noticed Sonja
 46194 | Spider:1 | Killed Sonja
 46423 | Spider:2 | Reached skill level 17 in Fighting
 46790 | Spider:3 | Reached skill level 21 in Long Blades
 47259 | Spider:3 | Received a gift from Trog
 47275 | Spider:3 | Noticed Norris
 47295 | Spider:3 | Killed Norris
 47300 | Spider:3 | Huge Dmg: 65 Dmg
 47352 | Spider:3 | Noticed Arachne
 47364 | Spider:3 | Huge Dmg: 81 Dmg
 47368 | Spider:3 | Killed Arachne
 47601 | Spider:4 | Huge Dmg: 41 Dmg
 47833 | Spider:5 | Entered Level 5 of the Spider Nest
 48113 | Spider:5 | Received a gift from Trog
 48543 | Spider:5 | Reached skill level 12 in Evocations
 48544 | Spider:5 | Huge Dmg: 53 Dmg
 48610 | Spider:5 | Got a gossamer rune of Zot
 49403 | D:20     | Huge Dmg: 46 Dmg
 49410 | D:20     | Killed Frederick
 49413 | D:20     | Huge Dmg: 54 Dmg
 49672 | D:20     | Found Frainurgh's Magical Wand Shop.
 49758 | D:20     | Found a white marble altar of Elyvilon.
 50188 | D:21     | Found a gateway to Hell.
 50266 | D:21     | Huge Dmg: 31 Dmg
 50274 | D:21     | Huge Dmg: 34 Dmg
 50276 | D:21     | Huge Dmg: 25 Dmg
 50379 | D:21     | Huge Dmg: 77 Dmg
 50904 | D:22     | Huge Dmg: 86 Dmg
 50975 | D:22     | Found Gaesaaj's Antique Armour Shoppe.
 50991 | D:22     | Noticed Mara
 51022 | D:22     | Huge Dmg: 75 Dmg
 51152 | D:22     | Somebody: This is curious. Did you by any chance post you rc anywhere?
 51193 | D:22     | Somebody: The messages you get at hitting things are interesting.
 51291 | D:22     | Zifmia: I'm using crate's rc, honestly I've not really noticed the messages
 51318 | D:22     | Noticed Sojobo
 51330 | D:22     | Huge Dmg: 78 Dmg
 51336 | D:22     | Somebody: Thanks.
 51337 | D:22     | Somebody: ...and good luck.
 51339 | D:22     | Zifmia: thanks mate
 51414 | D:22     | Killed Sojobo
 51414 | D:22     | Reached skill level 19 in Armour
 51414 | D:22     | Reached skill level 13 in Evocations
 51532 | D:22     | Noticed Zifmia's illusion
 51542 | D:22     | Killed Mara
 51550 | D:22     | Huge Dmg: 65 Dmg
 51711 | D:22     | Huge Dmg: 33 Dmg
 51945 | D:22     | Huge Dmg: 32 Dmg
 52064 | D:23     | Reached XP level 22. HP: 146/218 MP: 8/8
 52178 | D:23     | Huge Dmg: 67 Dmg
 52324 | D:23     | Found a shattered altar of Ashenzari.
 52545 | D:23     | Huge Dmg: 56 Dmg
 52833 | D:23     | Huge Dmg: 29 Dmg
 52895 | D:24     | Reached skill level 14 in Evocations
 52926 | D:24     | Reached skill level 18 in Fighting
 53038 | D:24     | Found a radiant altar of Vehumet.
 53120 | D:24     | Huge Dmg: 67 Dmg
 53181 | D:24     | Found a one-way gate to the infinite horrors of the Abyss.
 53376 | D:24     | Huge Dmg: 62 Dmg
 53618 | D:24     | Huge Dmg: 76 Dmg
 53882 | D:24     | Huge Dmg: 40 Dmg
 53909 | D:24     | Huge Dmg: 40 Dmg
 54143 | D:24     | Found a one-way gate leading to the halls of Pandemonium.
 54460 | D:25     | Entered Level 25 of the Dungeon
 54467 | D:25     | Received a gift from Trog
 54467 | D:25     | Reached skill level 15 in Evocations
 54524 | D:25     | Huge Dmg: 65 Dmg
 54712 | D:25     | Huge Dmg: 63 Dmg
 55022 | D:25     | Found Ghytwaes' Food Shop.
 55026 | D:25     | Ghytwaes' Food Shop was a mimic.
 55069 | D:25     | Reached skill level 22 in Long Blades
 55194 | D:25     | Huge Dmg: 73 Dmg
 55269 | D:25     | Huge Dmg: 29 Dmg
 55315 | D:25     | Huge Dmg: 61 Dmg
 55388 | D:25     | Huge Dmg: 68 Dmg
 55486 | D:25     | Huge Dmg: 80 Dmg
 55566 | D:25     | Huge Dmg: 80 Dmg
 55759 | D:25     | Received a gift from Trog
 55759 | D:25     | Reached skill level 16 in Evocations
 55764 | D:25     | Huge Dmg: 74 Dmg
 55900 | D:25     | Huge Dmg: 57 Dmg
 56001 | D:25     | Found a magical portal.
 56294 | D:26     | Huge Dmg: 68 Dmg
 56393 | D:26     | Huge Dmg: 46 Dmg
 56594 | D:26     | Huge Dmg: 68 Dmg
 56718 | D:26     | Huge Dmg: 62 Dmg
 56758 | D:26     | Noticed Mennas
 56827 | D:26     | Huge Dmg: 80 Dmg
 58092 | D:26     | Huge Dmg: 83 Dmg
 58111 | D:26     | Reached XP level 23. HP: 170/230 MP: 9/9
 58291 | D:26     | Huge Dmg: 76 Dmg
 58347 | D:26     | Huge Dmg: 77 Dmg
 58478 | D:26     | Huge Dmg: 65 Dmg
 58614 | D:26     | Reached skill level 19 in Fighting
 58629 | D:26     | Huge Dmg: 81 Dmg
 58739 | D:26     | Huge Dmg: 86 Dmg
 59668 | D:26     | Huge Dmg: 93 Dmg
 59791 | D:26     | Huge Dmg: 67 Dmg
 60002 | D:26     | Huge Dmg: 19 Dmg
 60006 | D:26     | HP: 56/232 [Mennas/blessed falchion of holy wrath (4)]
 60011 | D:26     | Huge Dmg: 22 Dmg
 60024 | D:26     | HP: 38/348 [fire giant/fireball (16)]
 60026 | D:26     | Huge Dmg: 15 Dmg
 60027 | D:26     | Huge Dmg: 13 Dmg
 60034 | D:26     | Huge Dmg: 10 Dmg
 60119 | D:27     | Entered Level 27 of the Dungeon
 60335 | D:27     | Reached skill level 23 in Long Blades
 60356 | D:27     | Huge Dmg: 62 Dmg
 60502 | D:27     | Huge Dmg: 62 Dmg
 60544 | D:27     | Huge Dmg: 25 Dmg
 60562 | D:27     | Huge Dmg: 23 Dmg
 60574 | D:27     | Huge Dmg: 42 Dmg
 60584 | D:27     | HP: 58/234 [ettin/great mace (28)]
 60585 | D:27     | Huge Dmg: 28 Dmg
 60586 | D:27     | Huge Dmg: 18 Dmg
 60832 | D:27     | Found Uromaoj's Magical Wand Shoppe.
 60955 | D:27     | Huge Dmg: 42 Dmg
 61029 | D:27     | Huge Dmg: 36 Dmg
 61127 | D:27     | Huge Dmg: 73 Dmg
 61335 | D:27     | Huge Dmg: 70 Dmg
 61346 | D:27     | Reached skill level 20 in Fighting
 61374 | Zot:1    | Entered Level 1 of the Realm of Zot
 61384 | Zot:1    | Huge Dmg: 57 Dmg
 61406 | D:27     | HP: 58/235 [purple draconian/bolt of dispelling energy (16)]
 61407 | D:27     | Huge Dmg: 15 Dmg
 61420 | D:27     | HP: 50/235 [purple draconian/bolt of dispelling energy (11)]
 61481 | D:27     | Huge Dmg: 82 Dmg
 63314 | D:27     | Huge Dmg: 143 Dmg
 63562 | Zot:1    | Reached XP level 24. HP: 155/246 MP: 0/0
 63701 | Zot:2    | Huge Dmg: 77 Dmg
 63840 | Zot:2    | Huge Dmg: 57 Dmg
 63893 | Zot:2    | Identified a +0 cloak of preservation (You took it off a mottled draconian on level 2 of the Realm of Zot)
 63936 | Zot:3    | Huge Dmg: 55 Dmg
 64011 | Zot:3    | Huge Dmg: 50 Dmg
 65816 | Zot:4    | Huge Dmg: 34 Dmg
 65822 | Zot:4    | Reached skill level 24 in Long Blades
 65862 | Zot:4    | Huge Dmg: 41 Dmg
 65917 | Zot:4    | Huge Dmg: 97 Dmg
 66073 | Zot:5    | Entered Level 5 of the Realm of Zot
 66312 | Zot:5    | Reached skill level 14 in Dodging
 66320 | Zot:5    | Huge Dmg: 101 Dmg
 66374 | Zot:5    | Noticed an orb of fire
 66405 | Zot:5    | Huge Dmg: 55 Dmg
 66529 | Zot:5    | Huge Dmg: 76 Dmg
 66557 | Zot:5    | Huge Dmg: 22 Dmg
 66686 | Zot:5    | Huge Dmg: 77 Dmg
 66688 | Zot:5    | Huge Dmg: 46 Dmg
 66740 | Zot:5    | Reached skill level 20 in Armour
 66780 | Zot:5    | Huge Dmg: 89 Dmg
 66831 | Zot:5    | Noticed an ancient lich
 66852 | Zot:5    | HP: 75/370 [it/shard of ice (48)]
 66853 | Zot:5    | Huge Dmg: 60 Dmg
 66856 | Zot:5    | Huge Dmg: 21 Dmg
 66856 | Zot:5    | Killed an orb of fire
 66856 | Zot:5    | HP: 22/370 [it/crystal spear (20)]
 66857 | Zot:5    | Huge Dmg: 20 Dmg
 66857 | Zot:5    | Killed an ancient lich
 66857 | Zot:5    | Reached skill level 15 in Dodging
 66861 | Zot:5    | Huge Dmg: 7 Dmg
 66951 | Zot:5    | Huge Dmg: 60 Dmg
 67004 | Zot:5    | Huge Dmg: 50 Dmg
 67017 | Zot:5    | Huge Dmg: 34 Dmg
 67044 | Zot:5    | Noticed an orb of fire
 67059 | Zot:5    | Gained mutation: You are dopey. (Int -2) [an orb of fire]
 67061 | Zot:5    | Killed an orb of fire
 67064 | Zot:5    | Huge Dmg: 76 Dmg
 67170 | Zot:5    | Huge Dmg: 60 Dmg
 67236 | Zot:5    | Reached XP level 25. HP: 129/256 MP: 0/0
 67281 | Zot:5    | Huge Dmg: 60 Dmg
 67283 | Zot:5    | Noticed an orb of fire
 67297 | Zot:5    | Killed an orb of fire
 67315 | Zot:5    | Huge Dmg: 26 Dmg
 67315 | Zot:5    | Reached skill level 16 in Dodging
 67350 | Zot:5    | Huge Dmg: 37 Dmg
 67359 | Zot:5    | HP: 63/256 [red draconian annihilator/searing blast (12)]
 67362 | Zot:5    | Huge Dmg: 30 Dmg
 67362 | Zot:5    | HP: 28/256 [purple draconian/great mace (5)]
 67364 | Zot:5    | Huge Dmg: 13 Dmg
 67364 | Zot:5    | HP: 12/256 [red draconian/searing blast (5)]
 67370 | Zot:5    | HP: 8/256 [purple draconian/great mace (10)]
 67371 | Zot:5    | Huge Dmg: 9 Dmg
 67377 | Zot:5    | Reached skill level 21 in Armour
 67386 | Zot:5    | HP: 23/256 [cloud of flame (1)]
 67532 | Zot:5    | HP: 47/256 [Orb Guardian (22)]
 67533 | Zot:5    | Huge Dmg: 22 Dmg
 67537 | Zot:5    | Huge Dmg: 18 Dmg
 67546 | Zot:5    | HP: 50/384 [Orb Guardian (3)]
 67555 | Zot:5    | Huge Dmg: 13 Dmg
 67608 | Zot:5    | HP: 54/256 [tentacled monstrosity (4)]
 67613 | Zot:5    | HP: 76/384 [tentacled monstrosity (5)]
 67620 | Zot:5    | Huge Dmg: 25 Dmg
 67653 | Zot:5    | Got the Orb of Zot
 67691 | Zot:5    | Noticed Ghitrow the pandemonium lord
 67701 | Zot:5    | Noticed Cheide the pandemonium lord
 67769 | Zot:4    | Noticed Yplif the pandemonium lord
 67967 | D:26     | Huge Dmg: 62 Dmg
 67983 | D:26     | Noticed Moish the pandemonium lord
 68027 | D:25     | Huge Dmg: 61 Dmg
 68167 | D:16     | Huge Dmg: 53 Dmg
 68526 | D:2      | Noticed Ceityciaxu the pandemonium lord
 68573 | D:$      | Escaped with the Orb!

Vanquished Creatures
  3 orbs of fire (Zot:5)
  An ancient lich (Zot:5)
  Saint Roka (Vaults:1)
  Sojobo (D:22)
  Norris (Spider:3)
  2 Killer Klowns (Zot:5)
  Mara (D:22)
  4 golden dragons
  A curse toe (Zot:5)
  Jory (D:20)
  Frederick (D:20)
  2 electric golems (Zot:5)
  Arachne (Spider:3)
  A bone dragon (D:27)
  8 tentacled monstrosities
  25 Orb Guardians
  4 deep elf master archers (Elf:3)
  2 deep elf blademasters (Elf:3)
  A quicksilver dragon (Vaults:5)
  An acid blob (Lair:7)
  A quicksilver dragon (shapeshifter) (D:24)
  11 storm dragons
  Agnes (Elf:3)
  3 sphinxes
  14 tengu reavers
  5 shadow dragons
  A draconian monk (Zot:2)
  Roxanne (D:17)
  Ilsuiw (Shoals:5)
  13 fire giants
  Donald (Elf:1)
  2 draconian knights (Zot:4)
  Maud (D:16)
  An iron dragon (D:16)
  4 ghost moths
  3 draconian scorchers
  3 deep elf sorcerers (Elf:3)
  8 vault wardens
  Aizul (D:16)
  15 frost giants
  A draconian zealot (Zot:5)
  An emperor scorpion (Spider:1)
  2 draconian shifters
  Jorgrun (D:20)
  2 draconian annihilators
  7 grey draconians
  31 stone giants
  7 deep elf demonologists
  A draconian caller (Zot:4)
  An eidolon (D:18)
  2 elemental wellsprings (D:24)
  4 green draconians
  Azrael (D:15)
  2 vampire knights (D:18)
  6 pale draconians
  9 purple draconians
  A white draconian (Zot:5)
  4 yellow draconians
  4 deep elf annihilators (Elf:3)
  3 black draconians
  5 mottled draconians
  A merfolk javelineer (Shoals:5)
  8 ettins
  3 red draconians
  7 deep elf death magi (Elf:3)
  A merfolk impaler (Shoals:5)
  A minotaur (shapeshifter) (D:26)
  5 dragons
  3 sirens
  44 yaktaur captains
  28 vault guards
  2 deep elf high priests (Elf:3)
  3 great orbs of eyes
  2 death cobs
  3 ice dragons
  6 deep troll earth magi
  5 merfolk aquamancers (Shoals:5)
  7 ironheart preservers
  5 hydras
  9 deep troll shamans
  6 ravenous feature mimics
  14 dancing weapons
  3 death yaks
  A spectral stone giant (D:18)
  2 rakshasas
  22 ogre magi
  3 spectral elves (Elf:3)
  A naga warrior (Vaults:3)
  A vampire mage (D:18)
  Urug (D:10)
  3 fire crabs
  6 hell knights (D:26)
  8 very ugly things
  A shadow wraith (Vaults:2)
  7 iron trolls
  22 centaur warriors
  A faun (shapeshifter) (Vaults:5)
  3 storm dragon skeletons
  A soul eater (D:8)
  10 skeletal warriors
  13 deep elf knights
  Erolcha (Volcano)
  11 flayed ghosts
  26 deep trolls
  11 sea snakes
  4 necromancers
  A golden dragon skeleton (D:24)
  6 unseen horrors
  5 giant amoebae
  15 hill giants
  2 lindwurms (Lair:8)
  12 ironbrand convokers
  29 orc knights
  3 phantasmal warriors
  Joseph (Orc:4)
  A deathcap (Zot:5)
  7 deep elf conjurers
  4 wolf spider zombies
  4 harpies (Shoals:1)
  3 orc sorcerers
  A shining eye (shapeshifter) (Vaults:5)
  2 oklob plants
  30 wolf spiders
  10 griffons
  19 cyclopes
  A draconian zombie (Zot:4)
  A shadow dragon skeleton (D:24)
  3 fire giant zombies
  2 cyclopes (shapeshifter)
  5 red wasps
  6 stone giant zombies
  2 frost giant zombies
  A sphinx skeleton (D:22)
  A sixfirhy (Vaults:1)
  5 moths of wrath
  16 stone giant skeletons
  2 fire giant skeletons
  12 spiny worms
  Maurice (Orc:3)
  2 feature mimics
  2 black mambas
  9 deep elf summoners
  6 spiny frogs
  4 frost giant skeletons
  14 elephants
  7 vault sentinels
  An item mimic (Spider:2)
  Psyche (D:10)
  A smoke demon (Elf:3)
  19 demonic crawlers
  An efreet (D:13)
  3 fire drakes
  An eye of devastation (D:13)
  2 iron troll zombies
  A guardian mummy (D:18)
  10 mermaids
  7 deep elf priests
  A komodo dragon (shapeshifter) (D:25)
  82 yaktaurs
  2 harpy zombies (Shoals:4)
  A yaktaur (shapeshifter) (D:24)
  11 orb spiders
  A queen bee (Spider:4)
  30 jumping spiders
  Sonja (Spider:1)
  A polar bear (Lair:8)
  A wandering mushroom (D:16)
  3 red wasp zombies (D:18)
  5 trolls
  An iron troll skeleton (D:21)
  Prince Ribbit (D:5)
  A blue devil (Elf:3)
  4 giant fireflies (Lair:8)
  A hellwing (Elf:3)
  49 two-headed ogres
  A raven (shapeshifter) (D:17)
  A fire giant simulacrum (Vaults:3)
  A giant leech (shapeshifter) (Vaults:4)
  A brown ooze (Slime:1)
  A griffon zombie (D:14)
  7 komodo dragons
  3 giant leeches (Lair:8)
  39 slime creatures
  A basilisk (shapeshifter) (Vaults:4)
  8 snapping turtles
  A wolf spider simulacrum (D:16)
  11 boulder beetles
  5 wraiths
  27 trapdoor spiders
  A flying skull (D:18)
  6 shadows
  4 basilisks
  4 blink frogs (Lair:5)
  5 griffon skeletons
  A grizzly bear (Lair:2)
  42 redbacks
  5 air elementals (D:22)
  4 wyverns
  5 fire elementals (D:15)
  8 sharks
  A snapping turtle (shapeshifter) (D:24)
  23 tarantellas
  2 ettin skeletons (Vaults:3)
  A frost giant simulacrum (D:19)
  9 water elementals
  62 yaks
  125 ugly things
  2 vampires
  15 deep elf magi
  2 elephant slugs
  A hill giant zombie (D:15)
  20 vampire mosquitoes
  2 hogs (shapeshifter)
  A dragon skeleton (D:18)
  A hippogriff (shapeshifter) (Vaults:5)
  4 hungry ghosts
  A chaos spawn (Zot:5)
  19 deep elf fighters
  2 hill giant skeletons
  A redback simulacrum (Vaults:1)
  18 hippogriffs
  17 manticores
  22 merfolk
  Grum (D:8)
  3 human zombies (D:15)
  4 mottled dragons
  2 deep troll zombies
  2 porcupines
  3 hell hounds (D:15)
  2 swamp worms (Spider:5)
  9 rock worms
  A black bear (Lair:3)
  9 freezing wraiths
  5 ice beasts
  3 deep troll skeletons
  10 giant goldfish
  3 sky beasts
  A deep dwarf (Lair:4)
  94 ogres
  9 crocodiles
  44 orc warriors
  7 boring beetles
  66 centaurs
  2 phantoms
  2 yaktaur zombies (D:18)
  A rotting devil (D:16)
  7 wargs
  A lost soul (Elf:3)
  11 giant slugs
  A giant slug (shapeshifter) (D:27)
  A big kobold (shapeshifter) (D:21)
  A glowing shapeshifter simulacrum (Vaults:3)
  Blork the orc (Orc:1)
  4 brain worms
  2 big kobolds
  A yaktaur skeleton (Vaults:1)
  11 water moccasins
  10 wolves
  13 giant frogs
  8 agate snails
  A manticore zombie (D:15)
  A komodo dragon skeleton (D:16)
  2 deep troll simulacra (Vaults:3)
  A cyclops skeleton (D:13)
  2 hippogriff zombies
  7 jellyfish
  A rock worm zombie (D:12)
  A yak zombie (D:18)
  3 lava fish (Lair:2)
  3 troll skeletons
  3 boulder beetle zombies
  29 killer bees
  16 wights
  3 vampire bats (Orc:4)
  3 goliath beetles
  9 electric eels
  11 crimson imps
  A giant frog zombie (D:7)
  4 spiders
  9 hounds
  7 jellies
  39 orc wizards
  A basilisk zombie (D:11)
  A water moccasin zombie (D:9)
  11 big fish
  A centaur skeleton (D:10)
  An elf zombie (Elf:2)
  A quasit (Vaults:1)
  A soldier ant zombie (D:13)
  6 worker ants
  A two-headed ogre zombie (D:11)
  2 giant frog skeletons
  9 iguanas
  2 two-headed ogre skeletons
  9 scorpions
  36 orc priests
  A sheep (shapeshifter) (Vaults:2)
  A rock worm simulacrum (D:18)
  24 sheep
  14 orange rats
  A killer bee zombie (D:12)
  A mottled dragon zombie (D:14)
  An ogre zombie (D:15)
  Jessica (Elf:2)
  22 boggarts
  2 worker ant zombies
  Terence (D:2)
  3 mummies
  46 green rats
  A big kobold simulacrum (D:14)
  A shadow imp (Elf:3)
  A white imp (Elf:3)
  17 adders
  9 giant centipedes
  4 giant mites
  A goliath beetle zombie (D:8)
  5 ufetubi (Zot:5)
  30 worms
  A giant centipede zombie (D:18)
  An adder skeleton (D:4)
  2 human skeletons (D:15)
  4 giant eyeballs
  10 giant geckos
  An ooze (Slime:1)
  220 orcs
  2 ball pythons
  42 bats
  27 hobgoblins
  37 jackals
  10 quokkas
  6 giant cockroaches
  6 giant newts
  24 goblins
  31 kobolds
  An orc skeleton (D:6)
  3 orc zombies
  30 rats
  A bush (Lair:4)
  2 crawling corpses (Elf:3)
  2 fungi (Lair:5)
  11 plants
2869 creatures vanquished.

Vanquished Creatures (collateral kills)
  Nikola (D:16)
  2 acid blobs (Lair:7)
  Rupert (D:14)
  A ghost moth (Spider:5)
  Louise (D:16)
  2 emperor scorpions (Spider:5)
  A deep elf demonologist (Elf:3)
  A red draconian (Zot:1)
  A purple draconian (Zot:1)
  2 merfolk javelineers (Shoals:5)
  A merfolk impaler (Shoals:5)
  2 vault guards (Vaults:5)
  A deep elf high priest (Elf:3)
  Harold (D:10)
  2 hydras
  Nessos (D:16)
  An alligator snapping turtle (Shoals:5)
  2 centaur warriors
  A death yak (Lair:7)
  A deep elf knight (Elf:3)
  3 skeletal warriors (D:12)
  A spectral elf (Elf:3)
  An orc knight (D:26)
  A hill giant (D:7)
  2 cyclopes
  A deep elf conjurer (Elf:3)
  An orc sorcerer (D:26)
  4 slime creatures
  A stone giant skeleton (Vaults:4)
  2 iron devils (Elf:3)
  A mermaid (Shoals:5)
  3 orb spiders (Spider:5)
  2 two-headed ogres (Volcano)
  A griffon zombie (D:16)
  A wraith (D:16)
  2 ugly things
  A trapdoor spider (Spider:5)
  2 snapping turtles (Shoals:5)
  4 yaks (D:10)
  A hungry ghost (D:16)
  A small abomination (Elf:3)
  A hill giant skeleton (D:12)
  3 water elementals (Shoals:5)
  2 merfolk (Shoals:5)
  A merfolk (shapeshifter) (D:16)
  A manticore (D:16)
  A deep troll zombie (D:26)
  A soldier ant (D:12)
  2 orc warriors
  A black bear (D:7)
  2 centaurs (D:13)
  2 ogres
  A warg (D:26)
  3 jellyfish (D:10)
  An electric eel (D:10)
  2 iguanas
  3 orc wizards
  A giant frog skeleton (D:7)
  A big fish (D:10)
  An iron imp (Vaults:1)
  A quasit (Elf:3)
  A worker ant (D:12)
  6 sheep
  A lemure (Elf:3)
  An adder (D:5)
  A shadow imp (Elf:3)
  An ufetubus (Vaults:1)
  7 orcs
  4 jackals (D:5)
  A bat (D:12)
  2 goblins (D:7)
118 creatures vanquished.

Vanquished Creatures (others)
  A tentacled monstrosity (D:26)
  A ghost moth (Spider:5)
  An emperor scorpion (Spider:5)
  A stone giant (D:16)
  A green draconian (Zot:5)
  A great orb of eyes (Vaults:5)
  A dancing weapon (Blade)
  A death yak (Lair:8)
  A centaur warrior (D:18)
  2 unseen horrors
  A deep troll (Vaults:5)
  A wolf spider (Spider:5)
  5 harpies (D:18)
  A stone giant skeleton (Vaults:5)
  2 orb spiders
  A yaktaur (Vaults:5)
  An efreet (D:16)
  A water elemental (Spider:5)
  3 trolls
  7 two-headed ogres
  A basilisk (D:16)
  A grizzly bear (Elf:3)
  A tarantella (Spider:3)
  A redback (Spider:2)
  An earth elemental (Elf:3)
  An orc warrior (D:22)
  A black bear (Elf:3)
  13 ogres
  2 killer bees (Spider:4)
  A spider (Spider:2)
  A boggart (D:17)
  2 ufetubi
  2 orcs (D:22)
  7 bushes (D:19)
  6 fungi
  38 plants
  13 toadstools (D:19)
126 creatures vanquished.

Grand Total: 3113 creatures vanquished
